 Dungeon Crawl Stone Soup version 0.28-a0-1152-g9c71ebef14 (webtiles) character file.

Game seed: 12315764358029978882

0 spaghetti the Sneak (level 1, -2/18 HPs)
             Began as a Mummy Delver on Dec 14, 2021.
             Splashed by a jelly's acid (10 damage)
             ... on level 6 of the Dungeon.
             The game lasted 00:01:05 (279 turns).

spaghetti the Sneak (Mummy Delver)                   Turns: 279, Time: 00:01:06

Health: -2/18      AC:  3    Str: 15    XL:     1   Next: 0%
Magic:  1/1        EV: 11    Int:  9    God:
Gold:   17         SH:  0    Dex: 13    Spells: 0/0 levels left

rFire   x . .      SeeInvis .   a - +0 falchion (vorpal) {long}
rCold   + . .      Faith    .   (no shield)
rNeg    + + +      Spirit   .   b - +0 leather armour
rPois   ∞          Reflect  .   (no helmet)
rElec   .          Harm     .   (no cloak)
rCorr   .          Rampage  .   (no gloves)
Will    .....                   (no boots)
Stlth   ++........              (no amulet)
HPRegen 0.06/turn               (no ring)
MPRegen 0.07/turn               (no ring)

@: no status effects
A: cold resistance 1, negative energy resistance 3, torment resistance 2, heat
vulnerability 1, no potions
a: no special abilities


You were on level 6 of the Dungeon.
You visited 1 branch of the dungeon, and saw 3 of its levels.

You collected 17 gold pieces.


Innate Abilities, Weirdness & Mutations

You are immune to poison.
Your flesh is cold resistant. (rC+)
You are immune to negative energy. (rN+++)
You are immune to unholy pain and torment.
You are vulnerable to heat. (rF-)
You do not drink.


   Skills:
 + Level 3.0 Fighting
 - Level 1.5 Long Blades
 - Level 1.5 Dodging
 - Level 4.1 Stealth


You couldn't memorise any spells.
You didn't know any spells.
Your spell library contained the following spells:

 Spells                   Type           Power      Damage    Failure   Level
 Beastly Appendage        Tmut           Unusable   N/A       N/A         1
 Wereblood                Tmut           Unusable   N/A       N/A         2
 Spider Form              Tmut/Pois      Unusable   N/A       N/A         3

Inventory:

Hand Weapons
 a - a +0 vorpal falchion (weapon) {long}
Armour
 b - a +0 leather armour (worn)
Wands
 f - a wand of digging (3)
Scrolls
 c - a scroll of fog
 e - a scroll of fear

Dungeon Overview and Level Annotations

Branches:
Dungeon (7/15)
 Temple: D:4-7

Altars:

Annotations:
D:6 1 exclusion

......# ##.# #...#+#
#..# #####.# #.## #
##.# #.# # #..# #.#
####.#####.##########
....................#
###################.#
# #.J@.#.# # #.#..#.#
# #.####.# # #......#
# ######## # #


You could see a jelly.


Message History

There is a stone staircase leading up here.
Unknown command.
Unknown command.
Unknown command.
Unknown command.
You climb upwards.
Level annotation: 1 exclusion You hear a distant slurping noise.
There is a stone staircase leading down here.
You open the door.
There is an open door here.
You now have 17 gold pieces (gained 9).
You open the door.
There is an open door here.
You open the door.
There is an open door here.
g - a scroll labelled INATOXZURR You open the door.
There is an open door here.
You open the door.
There is an open door here.
As you open the door, it creaks loudly!
An ice beast comes into view.
There is an open door here.
As you read the scroll labelled INATOXZURR, it crumbles to dust.
It is a scroll of brand weapon.
Your +0 falchion {long} emits a brilliant flash of light!
a - a +0 vorpal falchion (weapon)
{long} Unknown command.
Unknown command.
As you read the scroll labelled QUNEMA OWNUUNK, it crumbles to dust.
You speak a Word of immense power!
You are blasted by holy energy!
It was a scroll of holy word. 😮 HP[-8]
You take 8 damage, and now have 10/18 hp.
MASSIVE DAMAGE!! (PAUSE) Unknown command.
Okay, then. 😮 HP[+1]
There is an open door here.
You close the door.
You start resting.
You hear a distant slurping noise.
An ice beast is nearby! 😕 HP[+4]
You regained 4 hp, and now have 15/18 hp.
You open the door.
There is an open door here.
You close the door. 😕 HP[+1]
A jelly comes into view.
The jelly moves out of view.
A jelly is nearby!
You pick up a book of Changes and begin reading...
Unfortunately, you learned nothing new. 😕 HP[+1]
There are no items here.
A jelly is nearby!
A jelly is nearby!
A jelly is nearby!
You see here 15 stones {throwing}.
A jelly is nearby!
Nothing quivered!
A jelly is nearby!
The jelly hits you but does no damage.
You completely miss the jelly. The jelly closely misses you.
You barely miss the jelly. The jelly hits you.
You are splashed with acid!
* * * LOW HITPOINT WARNING * * *
The jelly closely misses you.
You are too injured to fight recklessly! 😨 HP[-10]
You take 10 damage, and now have 7/18 hp.
MASSIVE DAMAGE!! (PAUSE) Unknown command.
Unknown command.
Okay, then.
You can't drink.
Okay, then.
Unknown command.
You open the door.
The jelly jiggles.
The jelly hits you but does no damage.
There is an open door here. 😨 HP[+1]
There is an open door here.
There is a stone staircase leading down here. 😨 HP[+1]
You can't drink.
Unknown command.
Okay, then.
Unknown command. 😮 HP[+1]
The jelly misses you.
There is a stone staircase leading up here.
The jelly hits you.
* * * LOW HITPOINT WARNING * * *
You are splashed with acid!
Ouch! That really hurt!
You die...

Action                   || total
-------------------------++-------
Melee: Falchion          ||     2
  Use: Scroll            ||     3
Armor: Leather armour    ||     2
Dodge: Dodged            ||     3

Levels and vault maps discovered:
D:5:      layout_loops_ring, kennysheep_decorative_pillar, uniq_grinder
D:6:      nicolae_cairo_tiling_very_big, layout_basic, lemuel_doored_altar,
          mainiacjoe_overflow_small_starburst,
          minmay_temple_entry_gardened_gates
D:7:      layout_cave_pools, general_overflow_altar, led_sif_pool, serial_park,
          serial_park_fountain, serial_park_tiny_pond, serial_park_square3
          [serial_park_minivault_5x5_3], serial_park_tiny_2,
          uniq_crazy_yiuf_cottage

Notes
Turn   | Place    | Note
-------+----------+-------------------------------------------
     0 | D:5      | spaghetti the Mummy Delver began the quest for the Orb.
     0 | D:5      | Reached XP level 1. HP: 18/18 MP: 1/1
     0 | D:5      | magus.rc [v1.9.6]
    30 | D:6      | Noticed an iguana
   112 | D:6      | Noticed an ice beast
   205 | D:6      | Noticed a jelly
   217 | D:6      | You pick up a book of Changes and begin reading...
   279 | D:6      | Splashed by a jelly's acid

Vanquished Creatures (others)
  A plant (D:6)
1 creature vanquished.

Table legend:
 A = Non-vault XP
 B = Vault XP
 C = Vault XP percentage of total XP
 D = Non-vault monster count
 E = Vault monster count
 F = Vault count percentage of total count
                 A         B        C        D         E       F
            +---------+---------+-------+---------+---------+-------
      Total |       0 |       0 |   N/A |       0 |       0 |  -nan
            +---------+---------+-------+---------+---------+-------
            +---------+---------+-------+---------+---------+-------

Illustrated notes

Table legend: (Time is in decaauts)
 A = Elapsed time spent in this place.
 B = Non-inter-level travel time spent in this place.
 C = Inter-level travel time spent in this place.
 D = Time resting spent in this place.
 E = Time spent auto-exploring this place.
 F = Levels seen in this place.
 G = Mean time per level.
                   A        B        C        D        E       F      G
               +--------+--------+--------+--------+--------+-----+--------+
         Total |    279 |    279 |      0 |     69 |     96 |   3 |   93.0 |
       Dungeon |    279 |    279 |      0 |     69 |     96 |   3 |   93.0 |
               +--------+--------+--------+--------+--------+-----+--------+

Top non-repeatable levels by time:
     D:6: 275 daAuts
     D:5: 2 daAuts
     D:7: 1 daAuts
